 Dungeon Sprint DCSS version 0.24.1-14-gf8d2b509d9 (webtiles) character file.

Game seed: 10507653755868698808, levelgen mode: deterministic

1980 bromine the Nimble (level 9, -10/97 HPs)
             Began as a Troll Berserker on Mar 13, 2022.
             Was a High Priest of Trog.
             Mangled by a black mamba (17 damage)
             ... in the Dungeon (Sprint IX: "|||||||||||||||||||||||||||||").
             The game lasted 00:06:11 (850 turns).

bromine the Nimble (Troll Berserker)                 Turns: 850, Time: 00:06:12

Health: -10/97     AC:  6    Str: 30    XL:     9   Next: 1%
Magic:  8/8        EV: 16    Int:  3    God:    Trog [*****.]
Gold:   13         SH:  0    Dex: 15    Spells: 8/8 levels left

rFire    . . .     SeeInvis .   q - +2 halberd (protect)
rCold    . . .     Gourm    +   (shield currently unavailable)
rNeg     . . .     Faith    .   b - +0 animal skin
rPois    .         Spirit   .   (helmet restricted)
rElec    .         Reflect  .   (no cloak)
rCorr    .         Harm     .   (gloves unavailable)
MR       .....     NoTele   +   (boots unavailable)
Stlth    ++........             (no amulet)
HPRegen  0.66/turn              v - +3 ring of dexterity
MPRegen  0.11/turn              w - +3 ring of dexterity

@: starving
A: large, unfitting armour, claws 3, fast metabolism 3, gourmand, regeneration
1, shaggy fur 1, tough skin 3
a: Berserk, Trog's Hand, Brothers in Arms, Renounce Religion


You were in the Dungeon.
You worshipped Trog.
Trog was extremely pleased with you.
You were starving.

You visited 1 branch You collected 13 gold pieces.

Inventory:

Hand Weapons
 a - a +0 mace
 o - a +1 broad axe of freezing
 p - a +2 dire flail of crushing
 q - a +2 halberd of protection (weapon)
 r - a +0 lajatang
 s - the +2 rapier "Apeix" {protect, *Contam +Blink Str+3}
   (You found it in the Dungeon)

   It grants its wielder temporary protection when it strikes (+7 to AC).
   It affects your strength (+3).
   It lets you blink.
   It causes magical contamination when unequipped.
 t - a +2 scimitar of flaming
Armour
 b - a +0 animal skin (worn)
 u - a +0 pair of boots
Magical Staves
 n - an uncursed staff of energy
 x - an uncursed staff of earth
Jewellery
 v - a +3 ring of dexterity (left claw)
 w - a +3 ring of dexterity (right claw)
Wands
 l - a wand of iceblast (9)
Scrolls
 i - 3 scrolls of blinking
 k - 4 scrolls of remove curse
 m - 2 scrolls of amnesia
 y - a scroll of fog
 z - 2 scrolls of enchant weapon
Potions
 c - a potion of brilliance
 d - 4 potions of curing
 g - 4 potions of magic
 h - 2 potions of berserk rage
 j - a potion of invisibility
Comestibles
 f - a ration


   Skills:
 + Level 8.8 Fighting
 + Level 8.7 Maces & Flails
 + Level 8.6 Polearms
 + Level 9.7 Dodging
 + Level 1.6 Stealth


You had 8 spell levels left.
You didn't know any spells.
Your spell library was empty.

Dungeon Overview and Level Annotations

Branches:
Dungeon (1/1)

Altars:
Cheibriados
Dithmenos
Elyvilon
Fedhas
Gozag
Hepliaklqana
Kikubaaqudgha
Makhleb
Nemelex Xobeh
Okawaru
Qazlal
Ru
Sif Muna
Trog
Uskayaw
Vehumet
Wu Jian
Xom
Yredelemnul
Zin
The Shining One
Beogh
Jiyva
Lugonu


Innate Abilities, Weirdness & Mutations

You are too large for most types of armour.
You have claws for hands.
Your metabolism is lightning-fast.
You like to eat raw meat.
Your natural rate of healing is unusually fast.
You are covered in fur. (AC +1)
You have extremely tough skin. (AC +3)


Message History

* * * LOW HITPOINT WARNING * * *
You are lethally poisoned!
The black mamba poisons you!
You closely miss the black mamba.
The black mamba is severely wounded.
* * * LOW HITPOINT WARNING * * *
You feel sick.
The black mamba bites you but does no damage.
The black mamba completely misses you.
Blink to where?
Press: ? - help, Dir - move target cursor, f - you
Okay, then.
You feel better. The black mamba bites you.
* * * LOW HITPOINT WARNING * * *
The black mamba closely misses you.
You miss the black mamba.
The black mamba is severely wounded.
You are starving!
The black mamba bites you!
You die...

▓▓▓▓▓▓▓▓▓▓▓▓▓▓▓▓▓▓▓▓▓▓▓▓▓▓▓▓▓▓▓▓▓
.'(†...'†....'___________________
▓▓▓▓▓▓▓▓▓▓▓▓▓▓▓▓▓▓▓▓▓▓▓▓▓▓▓▓▓▓▓▓▓
.................................
▓▓▓▓▓▓▓▓▓▓▓▓▓▓▓▓▓▓▓▓▓▓▓▓▓▓▓▓▓▓▓▓▓
....'...........@S†....H.
▓▓▓▓▓▓▓▓▓▓▓▓▓▓▓▓▓▓▓▓▓▓▓▓▓


You could see a hippogriff (fleeing) and a black mamba.

Vanquished Creatures
  A black mamba (D)
  2 spiny frogs (D)
  2 yaks (D)
  A porcupine (D)
  2 sky beasts (D)
  A phantom (D)
  A big kobold (D)
  3 bullfrogs (D)
  2 howler monkeys (D)
  A crimson imp (D)
  An orc wizard (D)
  A worker ant (D)
  An adder (D)
  An adder skeleton (D)
  A leopard gecko (D)
  An orc (D)
  A bat zombie (D)
  A kobold (D)
  A ball python (D)
  A bat (D)
  A frilled lizard (D)
  A rat (D)
28 creatures vanquished.

Notes
Turn   | Place    | Note
-------+----------+-------------------------------------------
     0 | D        | bromine the Troll Berserker began the quest for the Orb.
     0 | D        | Reached XP level 1. HP: 22/22 MP: 0/0
    14 | D        | Reached ** piety under Trog
    21 | D        | Noticed a howler monkey
    21 | D        | Noticed a worker ant
    33 | D        | Killed a howler monkey
    33 | D        | Reached skill level 3 in Dodging
    33 | D        | Reached XP level 2. HP: 4/32 MP: 1/1
    33 | D        | Reached XP level 3. HP: 5/39 MP: 2/2
    39 | D        | Reached *** piety under Trog
    39 | D        | Reached skill level 5 in Maces & Flails
    39 | D        | Reached skill level 4 in Dodging
    40 | D        | Reached XP level 4. HP: 12/49 MP: 3/3
   204 | D        | Found a roughly hewn altar of Beogh.
   204 | D        | Found a snail-covered altar of Cheibriados.
   204 | D        | Found a shadowy altar of Dithmenos.
   204 | D        | Found a white marble altar of Elyvilon.
   204 | D        | Found a blossoming altar of Fedhas.
   204 | D        | Found an opulent altar of Gozag.
   205 | D        | Found a hazy altar of Hepliaklqana.
   206 | D        | Found a viscous altar of Jiyva.
   207 | D        | Found an ancient bone altar of Kikubaaqudgha.
   208 | D        | Found a corrupted altar of Lugonu.
   209 | D        | Found a burning altar of Makhleb.
   210 | D        | Found a sparkling altar of Nemelex Xobeh.
   211 | D        | Found an iron altar of Okawaru.
   212 | D        | Found a stormy altar of Qazlal.
   213 | D        | Found a sacrificial altar of Ru.
   214 | D        | Found a shimmering blue altar of Sif Muna.
   215 | D        | Found a bloodstained altar of Trog.
   216 | D        | Found a hide-covered altar of Uskayaw.
   217 | D        | Found a radiant altar of Vehumet.
   218 | D        | Found an ornate altar of the Wu Jian Council.
   219 | D        | Found a shimmering altar of Xom.
   220 | D        | Found a basalt altar of Yredelemnul.
   221 | D        | Found a glowing silver altar of Zin.
   222 | D        | Found a glowing golden altar of the Shining One.
   243 | D        | Got the +2 rapier "Apeix" {protect, *Contam +Blink Str+3}
   259 | D        | Noticed a bullfrog
   259 | D        | Noticed a sky beast
   259 | D        | Noticed a sky beast
   259 | D        | Noticed a big kobold
   260 | D        | Reached **** piety under Trog
   265 | D        | Killed a bullfrog
   265 | D        | Reached skill level 5 in Fighting
   265 | D        | Reached skill level 1 in Polearms
   265 | D        | Reached XP level 5. HP: 32/57 MP: 4/4
   272 | D        | Killed a sky beast
   272 | D        | Reached skill level 5 in Dodging
   279 | D        | Reached XP level 6. HP: 59/67 MP: 5/5
   296 | D        | Killed a sky beast
   296 | D        | Reached skill level 6 in Dodging
   299 | D        | Reached ***** piety under Trog
   299 | D        | Reached skill level 1 in Stealth
   521 | D        | Noticed a yak
   521 | D        | Noticed a yak
   549 | D        | HP: 2/68 [yak (14)]
   552 | D        | Killed a yak
   552 | D        | Reached XP level 7. HP: 35/78 MP: 6/6
   577 | D        | Killed a yak
   577 | D        | Reached skill level 5 in Polearms
   577 | D        | Reached skill level 7 in Dodging
   598 | D        | Received a gift from Trog
   811 | D        | Noticed a spiny frog
   811 | D        | Noticed a spiny frog
   811 | D        | Noticed a black mamba
   813 | D        | Noticed a black mamba
   819 | D        | Reached skill level 8 in Dodging
   819 | D        | Reached XP level 8. HP: 72/88 MP: 7/7
   825 | D        | Noticed a hippogriff
   826 | D        | Noticed a komodo dragon
   827 | D        | Killed a spiny frog
   831 | D        | Killed a spiny frog
   831 | D        | Reached skill level 9 in Dodging
   837 | D        | Received a gift from Trog
   839 | D        | Killed a black mamba
   839 | D        | Reached XP level 9. HP: 48/97 MP: 8/8
   847 | D        | HP: 3/97 [black mamba (7)]
   850 | D        | Mangled by a black mamba

Levels and vault maps discovered:
D:        linesprint [early_d, line_temple, items_1, d_10, items_2, lair_1,
          lair_end, items_3, orc_1, orc_end, items_4, d_15, swamp_1, shoals_1,
          snake_1, spider_1, d_20, vaults_1, items_5, swamp_end, shoals_end,
          snake_end, spider_end, vaults_end, d_27, items_6, zot_1, zot_end,
          crypt_end, forest_end, elf_end, slime_end, tomb_end, abyss_end,
          pan_hell_end]

Skill      XL: |  1  2  3  4  5  6  7  8 |
---------------+-------------------------+-----
Maces & Flails | 4 5 6 7 8 |  8.7
Fighting       | 3 4 5 6 7 8 |  8.8
Dodging        | 3 4 5 6 8 9 |  9.7
Polearms       | 1 2 4 6 8 |  8.6
Stealth        | 1 |  1.6

Action                   |  1- 3 |  4- 6 |  7- 9 || total
-------------------------+-------+-------+-------++-------
Melee: Mace              |    28 |     2 |       ||    30
       Halberd           |       |    65 |    73 ||   138
Invok: Berserk           |     1 |     2 |       ||     3
Evoke: Wand              |       |       |     1 ||     1
  Use: Potion            |       |     2 |     7 ||     9
       Scroll            |       |       |     1 ||     1
  Eat: Ration            |       |     1 |     1 ||     2
Armor: Animal skin       |     8 |    34 |    28 ||    70
Dodge: Dodged            |    16 |    55 |    58 ||   129
